 Dungeon Crawl Stone Soup version 0.29.1-14-g9c671dbff4 (webtiles) character file.

Game seed: 3815990242967743833

63 theswoord the Cudgeller (level 3, -2/27 HPs)
             Began as a Demonspawn Gladiator on Feb 12, 2023.
             Slain by a gnoll
             ... wielding a +0 flail of draining
              (12 damage)
             ... on level 2 of the Dungeon.
             The game lasted 00:02:10 (1894 turns).

theswoord the Cudgeller (Demonspawn Gladiator)      Turns: 1894, Time: 00:02:10

Health: -2/27      AC:  3    Str: 16    XL:     3   Next: 87%
Magic:  3/3        EV: 12    Int:  9    God:
Gold:   86         SH:  0    Dex: 14    Spells: 2/2 levels left

rFire   . . .      SeeInvis .   a - +0 flail
rCold   . . .      Faith    .   (no shield)
rNeg    . . .      Spirit   .   b - +0 leather armour
rPois   .          Reflect  .   (helmet restricted)
rElec   .          Harm     .   (no cloak)
rCorr   .          Rampage  .   (no gloves)
Will    .....                   (no boots)
Stlth   +.........              (no amulet)
HPRegen 0.09/turn               (no ring)
MPRegen 0.08/turn               (no ring)

@: no status effects
A: antennae 1
a: no special abilities


You were on level 2 of the Dungeon.
You visited 1 branch of the dungeon, and saw 2 of its levels.

You collected 86 gold pieces.

Inventory:

Hand Weapons
 a - a +0 flail (weapon)
Missiles
 d - 3 throwing nets (quivered)
 e - a javelin
Armour
 b - a +0 leather armour (worn)
 c - a +0 helmet
Scrolls
 g - a scroll of noise {unknown}
 h - a scroll of immolation {unknown}
 i - a scroll of teleportation {unknown}
 k - 3 scrolls of identify {unknown}
Potions
 f - a potion of ambrosia {unknown}
 j - a potion of mutation {unknown}
 l - a potion of curing {unknown}


   Skills:
 - Level 2.0 Fighting
 + Level 4.4 Maces & Flails
 - Level 1.7 Throwing
 - Level 2.6 Dodging


You had 2 spell levels left.
You didn't know any spells.
Your spell library contained the following spells:

 Spells                   Type           Power      Damage    Failure   Level
 Ensorcelled Hibernation  Hex/Ice        0%         N/A       58%         2
 Passwall                 Tmut/Erth      0%         N/A       58%         2
 Frozen Ramparts          Ice            0%         1d1       83%         3
 Ignite Poison            Fire/Tmut/Pois 0%         N/A       83%         3
 Mephitic Cloud           Conj/Pois/Air  0%         N/A       83%         3
 Swiftness                Air            0%         N/A       83%         3
 Ice Form                 Ice/Tmut       0%         N/A       99%         4
 Summon Ice Beast         Ice/Summ       0%         N/A       99%         4
 Freezing Cloud           Conj/Ice/Air   0%         6-21      100%        5


Dungeon Overview and Level Annotations

Branches:
Dungeon (2/15)

Altars:


Innate Abilities, Weirdness & Mutations

You have a pair of small antennae on your head.


Message History

The gnoll shouts!
You hear a shout!
A gnoll comes into view. It is wielding a +0 flail of draining.
The gnoll moves out of view.
The gnoll shouts!
A gnoll comes into view. It is wielding a +0 flail.
You hit the rat.
The rat is severely wounded.
The bat closely misses you. The rat barely misses you. The rat misses you.
You completely miss the rat.
The rat is severely wounded.
The bat hits you but does no damage. The rat misses you.
You closely miss the rat.
The rat is moderately wounded.
The bat closely misses you. The rat bites you but does no damage.
The bat hits you but does no damage.
You barely miss the rat.
The rat is moderately wounded.
The bat hits you but does no damage. The rat bites you but does no damage.
You closely miss the rat.
The rat is moderately wounded.
The bat misses you.
The rat twitches its whiskers.
The rat bites you but does no damage.
You completely miss the rat.
The rat is moderately wounded.
The bat closely misses you. The rat bites you.
You hit the rat.
You kill the rat!
The bat barely misses you.
The gnoll hits you from afar with a +0 spear!
You hit the gnoll.
The gnoll is heavily wounded.
The bat misses you. x2
The gnoll hits you from afar with a +0 spear!
* * * LOW HITPOINT WARNING * * *
You hit the gnoll but do no damage.
The gnoll is heavily wounded.
The bat misses you. The gnoll misses you. The gnoll closely misses you.
The gnoll hits you with a +0 flail of draining!
You die...

### #.# #.# #.#
#.# #.# #.#
####.###.####.####
.....bg@..........
.#...g.g!.........
#...###.#.##.###
#.. #.#.##<### #.
#.....รทรท.# #
###.#.##.#.#
...........#
##.......#.#
#..#.#..#.#


You could see 3 gnolls and a bat.

Vanquished Creatures
  3 dart slugs (D:1)
  4 endoplasms
  2 giant cockroaches (D:1)
  5 hobgoblins (D:1)
  4 jackals (D:2)
  6 kobolds (D:1)
  6 quokkas (D:1)
  6 ball pythons
  4 bats (D:1)
  2 frilled lizards
  3 goblins (D:1)
  6 rats
51 creatures vanquished.

Notes
Turn   | Place    | Note
-------+----------+-------------------------------------------
     0 | D:1      | theswoord the Demonspawn Gladiator began the quest for the
                  | Orb.
     0 | D:1      | Reached XP level 1. HP: 16/16 MP: 1/1
    67 | D:1      | Reached skill level 3 in Maces & Flails
   289 | D:1      | Discovered your monstrous ancestry.
   289 | D:1      | Gained mutation: You have a pair of small antennae on your
                  | head. [demonic ancestry]
   289 | D:1      | Reached XP level 2. HP: 22/22 MP: 2/2
   716 | D:1      | Reached XP level 3. HP: 27/27 MP: 3/3
   722 | D:1      | Found a faded altar of an unknown god.
   980 | D:1      | Reached skill level 4 in Maces & Flails
  1894 | D:2      | Slain by a gnoll

Skill      XL: |  1  2  3 |
---------------+----------+-----
Maces & Flails | 3 4 |  4.4
Fighting       | |  2.0
Throwing       | |  1.7
Dodging        | |  2.6

Action                   || total
-------------------------++-------
Melee: Flail             ||   150
 Stab: Sleeping          ||     1
Armor: Leather armour    ||    62
Dodge: Dodged            ||   147

Levels and vault maps discovered:
D:1:      lightli_arrival_isolated_outpost, layout_loops_ring,
          nicolae_ecumenical_lake_church, minmay_pentomino_w4
D:2:      layout_basic
